details: 'drophacking trash blames luck'

« prev index next »

General information

Mini Map

Players

team 1
UndeadNOOBTAC-10 (yellow | 37 APM | 359 actions | 09:41)
Hero icon 1 Blood Mage
Ability icon 1 Flame Strike

» actions
Basic commands5
Build / train7
ESC pressed3
Enter build submenu12
Enter hero's abilities submenu1
Right click123
Select / deselect126
Use ability82
359 total
» units
Acolyte3
Wisp2
5 total
» buildings
Necropolis8
Town Hall9
Tree of Life1
18 total
» build order
02:45 Necropolis
02:46 Necropolis
02:52 Necropolis
03:03 Necropolis
03:06 Necropolis
03:09 Necropolis
03:17 Necropolis
03:26 Necropolis
05:45 Town Hall
05:56 Town Hall
06:04 Town Hall
06:05 Town Hall
06:06 Town Hall
06:08 Town Hall
06:09 Town Hall
06:10 Town Hall
06:11 Town Hall
07:39 Tree of Life
HumanJACK-NICOLSON (teal | 37 APM | 79 actions | 02:08)

» actions
Assign group hotkey4
Build / train11
Enter build submenu5
Right click27
Select / deselect16
Select group hotkey12
Use ability4
79 total
» units
Peasant8
Footman2
10 total
» buildings
Altar of Kings1
Barracks1
Farm2
4 total
» build order
00:14 Altar of Kings
00:22 Barracks
00:37 Farm
00:57 Farm
Undeadshroot (pink | 8 APM | 8 actions | 01:03)

» actions
Basic commands1
Build / train2
Right click2
Select / deselect3
8 total
» units
Acolyte2
2 total
NightElfJ7R69 (orange | 28 APM | 33 actions | 01:09)

» actions
Build / train3
Enter build submenu1
Right click13
Select / deselect14
Use ability2
33 total
» units
Wisp3
3 total
» buildings
Ancient of War1
1 total
» build order
00:16 Ancient of War
team 2
HumanRollingThunder (blue | 7 APM | 12 actions | 01:45)

» actions
Build / train2
Enter build submenu1
Right click3
Select / deselect5
Use ability1
12 total
» units
Peasant2
2 total
» buildings
Lumber Mill1
1 total
» build order
00:04 Lumber Mill
HumanGodsLieutenant (green | 13 APM | 124 actions | 09:41)
Hero icon 1 Archmage
Ability icon 1 Summon Water Elemental

» actions
Assign group hotkey6
Basic commands4
Build / train29
Enter build submenu8
Enter hero's abilities submenu1
Remove unit from queue1
Right click28
Select / deselect23
Select group hotkey12
Use ability12
124 total
» units
Peasant6
Footman19
25 total
» upgrades
Defend1
1 total
» buildings
Altar of Kings1
Barracks1
Farm7
9 total
» build order
01:18 Altar of Kings
01:27 Barracks
01:36 Farm
01:38 Farm
01:42 Farm
01:45 Farm
03:06 Farm
04:45 Farm
04:48 Farm
OrcIndianer (purple | 64 APM | 618 actions | 09:42)
Hero icon 2 Blademaster
Ability icon 1 Wind Walk
Ability icon 1 Critical Strike

» actions
Assign group hotkey30
Basic commands30
Build / train55
ESC pressed7
Enter build submenu11
Enter hero's abilities submenu2
Right click144
Select / deselect109
Select group hotkey210
Use ability20
618 total
» units
Peon11
Grunt14
Demolisher4
29 total
» upgrades
Pillage2
Berserker Strength1
Armor1
Melee Weapons2
Ranged Weapons1
7 total
» buildings
Altar of Storms1
Orc Burrow5
Barracks1
Voodoo Lounge1
Stronghold4
War Mill1
Fortress3
16 total
» build order
00:09 Altar of Storms
00:17 Orc Burrow
00:53 Barracks
01:29 Orc Burrow
01:45 Voodoo Lounge
02:45 Orc Burrow
04:09 Stronghold
04:09 Stronghold
04:55 Orc Burrow
05:47 War Mill
09:12 Fortress
09:12 Fortress
09:16 Orc Burrow
Random» NightElfJosey_Wales (red | 15 APM | 144 actions | 09:41)
Hero icon 2 Demon Hunter
Ability icon 1 Immolation
Ability icon 1 Evasion

» actions
Build / train26
Enter build submenu8
Enter hero's abilities submenu2
Right click37
Select / deselect58
Use ability13
144 total
» units
Wisp9
Archer10
Huntress2
21 total
» upgrades
Strength of the Moon1
1 total
» buildings
Altar of Elders1
Moon Well4
Ancient of War2
Hunter's Hall1
Tree of Ages1
9 total
» build order
00:19 Altar of Elders
00:29 Moon Well
00:42 Ancient of War
02:21 Moon Well
03:55 Moon Well
05:02 Hunter's Hall
06:45 Moon Well
07:22 Tree of Ages
07:36 Ancient of War

Chat log

(00:09 / All) GodsLieutenant: lol
(00:11 / All) Indianer: NOOBTAC is a drophacker
(00:17 / All) GodsLieutenant: oh
(00:19 / All) JACK-NICOLSON: god i feel it
(00:29 / All) Indianer: This faggot posts on some WC3 hacking forums too with broken English
(00:32 / All) Indianer: He is terrible at the game
(00:37 / All) Indianer: adn says he only cared about it in its prime
(00:41 / All) Indianer: that's fals,e he would be even worse back then
(00:44 / All) RollingThunder: wtf ?
(00:52 / All) NOOBTAC-10: is noob
(00:53 / All) GodsLieutenant: ALL KILL YELLOW
(00:53 / All) NOOBTAC-10: for tac
(00:53 / All) JACK-NICOLSON: angry korea man?
(00:54 / All) NOOBTAC-10: yes?
(00:59 / All) NOOBTAC-10: polytnysknye
(01:04 / All) GodsLieutenant: ALL KILL YELLOW
(01:07 / All) GodsLieutenant: TK TELLOW
(01:15 / All) JACK-NICOLSON: it wont stop anyting lolz
(01:17 / All) Indianer: Yellow, it's time for you to try that hack which stops everyone from getting to scorescreen
(01:55 / All) GodsLieutenant: does it effect him
(01:58 / All) Indianer: No
(02:01 / All) Indianer: He has autounpause hack too
(02:02 / All) Indianer: see?
(02:08 / All) Indianer: it's very obvious
(02:30 / Allies) GodsLieutenant: too lazy to even tk
(02:40 / Allies) Indianer: he's a faggot no better than noobtac
(02:50 / Allies) GodsLieutenant: he could have killed his shit
(02:53 / Allies) GodsLieutenant: and their allies
(03:14 / Allies) GodsLieutenant: he's really uncooperative
(03:21 / Allies) Indianer: we should stop stabbing with him
(03:26 / Allies) GodsLieutenant: yes
(03:41 / Allies) GodsLieutenant: he's inconsiderate and uncooperative fuck him
(03:42 / Allies) Indianer: he only uses drophack doesn't even play

(05:10 / Allies) Indianer: I thought noobtac only played on Northrend but I guess not
(05:15 / Allies) GodsLieutenant: jake claimed he was disc hacked
(05:17 / Allies) Indianer: he is responsible for 3 of my losses on my forum account
(05:23 / Allies) Indianer: lol
(05:52 / Allies) GodsLieutenant: he is a liar
(05:56 / Allies) Indianer: yeah
(06:13 / Allies) GodsLieutenant: he said he was gonna watch tv then he left
(06:20 / All) Indianer: mass halls? is this like your mass lumbermill then drophack strat?
(06:39 / All) NOOBTAC-10: is good polytnyske yes?
(06:51 / All) Indianer: du suger, tu cinaede et pathice
(07:12 / All) Indianer: better fire up your hacks quickly
(07:24 / All) Indianer: you are about to be 4-2 if you don't!
(08:21 / Allies) GodsLieutenant: Jake is a faggot
(08:33 / Allies) GodsLieutenant: if he gets it in his head he's not gonna do something there's no changing his mind
(08:43 / Allies) Indianer: he's a dumbass redhead stabber
(09:39 / All) NOOBTAC-10: u guys lucky